 Dungeon Crawl Stone Soup version 0.26.1-11-gd32895ea62 (webtiles) character file.

Game seed: 15225736259550928057

44 dtburroughs the Digger (level 3, 0/19 HPs)
             Began as a Gargoyle Earth Elementalist on May 19, 2021.
             Slain by Sigmund
             ... wielding a cursed +0 scythe
              (2 damage)
             ... on level 2 of the Dungeon.
             The game lasted 00:09:39 (1211 turns).

dtburroughs the Digger (GrEE)                       Turns: 1211, Time: 00:09:40

Health: 0/19       AC: 11    Str: 11    XL:     3   Next: 60%
Magic:  5/6        EV:  5    Int: 16    God:
Gold:   88         SH:  0    Dex: 10    Spells: 3/6 levels left

rFire    . . .     SeeInvis .   a - +1 whip (drain)
rCold    . . .     Faith    .   (no shield)
rNeg     + . .     Spirit   .   k - +0 chain mail
rPois    ∞         Reflect  .   (no helmet)
rElec    +         Harm     .   (no cloak)
rCorr    .         Rampage  .   (no gloves)
Will     .....                  (no boots)
Stlth    ..........             (no amulet)
HPRegen  0.06/turn              (no ring)
MPRegen  0.10/turn              (no ring)

@: very slightly contaminated
A: negative energy resistance 1, electricity resistance, unbreathing,
petrification resistance, miasma immunity, AC +3
a: no special abilities


You were on level 2 of the Dungeon.
You visited 1 branch of the dungeon, and saw 2 of its levels.

You collected 88 gold pieces.

Inventory:

Hand Weapons
 a - a +1 whip of draining (weapon)
Missiles
 b - 102 stones
Armour
 c - a +0 robe
 g - a +0 robe
 j - a cursed +0 pair of boots
 k - a +0 chain mail (worn)
Jewellery
 f - an uncursed ring of positive energy {unknown}
 m - an uncursed ring of resist corrosion {unknown}
Wands
 n - a wand of random effects (12)
Scrolls
 d - 2 scrolls of identify {unknown}
 i - a scroll of enchant armour {unknown}
Potions
 e - a potion of degeneration {unknown}
 h - a potion of berserk rage {unknown}
 l - a potion of attraction {unknown}
 o - a potion of flight {unknown}


   Skills:
 + Level 2.0 Dodging
 + Level 2.8 Stealth
 + Level 2.3 Spellcasting
 + Level 1.3 Transmutations
 + Level 4.0 Earth Magic


You had 3 spell levels left.
You knew the following spells:

 Your Spells              Type           Power        Failure   Level
a - Sandblast             Erth           28%          94%         1
b - Passwall              Tmut/Erth      8%           99%         2

Your spell library contained the following spells:

 Spells                   Type           Power        Failure   Level
 Stone Arrow              Conj/Erth      16%          100%        3
 Petrify                  Tmut/Erth      10%          100%        4
 Lee's Rapid Deconstruct  Erth           7%           100%        5


Dungeon Overview and Level Annotations

Branches:
Dungeon (2/15)

Altars:
Gozag

Annotations:
D:2 Sigmund


Innate Abilities, Weirdness & Mutations

You are resistant to torment.
Your stone body is resilient. (AC +3)
You are immune to poison.
You resist negative energy. (rN+)
You are resistant to electric shocks. (rElec)
You can survive without breathing.
You are immune to petrification.
You are immune to miasma.


Message History

The puff of flame hits you.
Casting: Sandblast (safe; 94% risk of failure)
Confirm with . or Enter, or press ? or * to list all spells.
The spell is potentially lethal to cast (99% risk of failure)!
Continue anyway?
Okay, then.
Aiming: Random Effects
Press: ? - help, Shift-Dir - straight line, f/p - Sigmund
Aim: Sigmund, wielding a +0 scythe and wearing a +0 robe The fireball explodes!
The fireball engulfs Sigmund!
Sigmund is moderately wounded.
Sigmund hits you from afar with a cursed +0 scythe.
* * * LOW HITPOINT WARNING * * *
Sigmund laughs darkly.
Sigmund closely misses you.
Things that are here:
a +0 club; a quokka corpse; a bat corpse You closely miss Sigmund.
Sigmund is moderately wounded.
Sigmund hits you with a cursed +0 scythe.
You die...

#.######.#... ...... #.#
#.#... .....<###
#.######.##..
.......##.####.........#..
>.....................'..
#.....#......#########..
#.....######.# #..
#.....######.#########..
+.....@@........).......
#.[...######'###########
#..............#
#..............#
.....#............#
...(..#.@..........# .....
#............# .....
'..########### .... ####


You could see Sigmund.

Vanquished Creatures
  An adder (D:2)
  2 dart slugs
  2 leopard geckos
  A goblin (D:2)
  10 hobgoblins
  A quokka (D:2)
  2 ball pythons
  3 bats
  A frilled lizard (D:2)
  3 kobolds
  2 rats
28 creatures vanquished.

Notes
Turn   | Place    | Note
-------+----------+-------------------------------------------
     0 | D:1      | dtburroughs the Gargoyle Earth Elementalist began the quest
                  | for the Orb.
     0 | D:1      | Reached XP level 1. HP: 10/10 MP: 3/3
   214 | D:1      | Reached skill level 1 in Transmutations
   214 | D:1      | Reached XP level 2. HP: 15/15 MP: 5/5
   276 | D:1      | Learned a level 2 spell: Passwall
   791 | D:2      | Found an opulent altar of Gozag.
   842 | D:2      | Reached XP level 3. HP: 15/19 MP: 6/6
   939 | D:2      | Reached skill level 4 in Earth Magic
  1169 | D:2      | Noticed Sigmund
  1211 | D:2      | Slain by Sigmund

Illustrated notes

Levels and vault maps discovered:
D:1:      minmay_arrival_stone_box, layout_loops_ring, minmay_splitting_lines,
          kennysheep_decorative_pillar, hangedman_decor_peaks_small,
          nrook_mini_backslash
D:2:      layout_basic, chequers_temple_overflow_statue_of_worship, uniq_sigmund

Skill      XL: |  1  2  3 |
---------------+----------+-----
Transmutations | 1 |  1.3
Earth Magic    | 4 |  4.0
Dodging        | 2 |  2.0
Stealth        | |  2.8
Spellcasting   | |  2.3

Action                   || total
-------------------------++-------
Melee: Whip              ||    79
Evoke: Wand              ||     1
Armor: Ring mail         ||     8
       Chain mail        ||    52
Dodge: Dodged            ||    35
